 Dungeon Crawl Stone Soup version 0.18.1-48-g4cf74bf (webtiles) character file.

2435 Antonin the Covert (level 9, -1/63 HPs)
             Began as an Octopode Assassin on Aug 30, 2016.
             Was a Follower of Dithmenos.
             Slain by Joseph
             ... wielding a +0 quarterstaff
              (18 damage)
             ... on level 7 of the Dungeon.
             The game lasted 00:34:27 (7937 turns).

Antonin the Covert (Octopode Assassin)              Turns: 7937, Time: 00:34:28

Health: -1/63      AC:  1    Str: 11    XL:     9   Next: 49%
Magic:  9/9        EV: 16    Int: 13    God:    Dithmenos [*.....]
Gold:   318        SH:  0    Dex: 16    Spells: 0 memorised, 8 levels left

rFire  + . .     SeeInvis .     a - +2 dagger
rCold  x . .     Gourm    .     (no shield)
rNeg   . . .     Faith    .     (helmet restricted)
rPois  .         Spirit   .     (no amulet)
rElec  .         Dismiss  .     q - ring of fire
rCorr  .         Reflect  .     (no ring)
SustAt .         Harm     .     (no ring)
MR     .....                    (no ring)
Stlth  +++++++...               (no ring)
                                (no ring)
                                (no ring)
                                (no ring)

@: wreathed by umbra, not resistant to hostile enchantments, extremely stealthy
A: almost no armour, amphibious, 8 rings, constrict 8, camouflage 1, gelatinous
body 1
a: Renounce Religion


You were on level 7 of the Dungeon.
You worshipped Dithmenos.
Dithmenos was aware of your devotion.
You were not hungry.

You visited 1 branch of the dungeon, and saw 7 of its levels.

You collected 318 gold pieces.

Inventory:

Hand Weapons
 a - a +2 dagger (weapon)
 b - a +0 blowgun
Missiles
 c - 19 poisoned needles
 d - 2 curare-tipped needles
Jewellery
 q - a ring of fire (left tentacle)
Wands
 w - a wand of teleportation (2/9)
 B - a wand of polymorph (10/24)
Scrolls
 e - 2 scrolls of identify
 m - 2 scrolls of recharging {unknown}
 p - 2 scrolls of fog {unknown}
 t - 2 scrolls of fear
 v - 3 scrolls of remove curse
 x - 2 scrolls of teleportation {unknown}
 y - a scroll of amnesia {unknown}
 A - a scroll of noise {unknown}
 D - a scroll of blinking {unknown}
 E - a scroll of random uselessness {unknown}
 F - 4 scrolls of enchant weapon
Potions
 g - 3 potions of flight
 i - a potion of heal wounds
 j - 2 potions of lignification {unknown}
 k - a potion of agility
 l - 3 potions of cure mutation {unknown}
 n - 3 potions of curing
 r - a potion of degeneration {unknown}
 s - a potion of magic {unknown}
 u - a potion of mutation {unknown}
 z - a potion of might {unknown}
 G - a potion of cancellation {unknown}
Books
 o - a book of Annihilations

   Spells                             Type                      Level
   a - Poison Arrow                   Conjuration/Poison           6
   b - Chain Lightning                Conjuration/Air              8
   c - Lehudib's Crystal Spear        Conjuration/Earth            8
   d - Glaciate                       Conjuration/Ice              9
   e - Fire Storm                     Conjuration/Fire             9
Comestibles
 f - 3 bread rations
 h - 2 slices of pizza
 C - 4 meat rations
 H - 2 beef jerkies
 I - 2 chunks of flesh
 J - a royal jelly


   Skills:
 * Level 6.6 Fighting
 * Level 6.3 Short Blades
 - Level 2.0 Throwing
 * Level 6.4 Dodging
 * Level 10.3 Stealth


You had 8 spell levels left.
You didn't know any spells.

Dungeon Overview and Level Annotations

Branches:
Dungeon (7/15)
 Temple: D:4-7

Altars:
Cheibriados
Dithmenos
Gozag
Makhleb
Nemelex Xobeh
Okawaru
Qazlal
Ru
Sif Muna
Vehumet
Xom

Shops:
D:3 *

Annotations:
D:7 Joseph


Innate Abilities, Weirdness & Mutations

You cannot wear most types of armour.
You are amphibious.
You can wear up to eight rings at the same time.
You can use your tentacles to constrict eight enemies at once.
Your skin changes colour to match your surroundings (Stealth).
Your rubbery body absorbs attacks (AC +1).


Message History

You hit Joseph but do no damage.
Joseph is heavily wounded.
You constrict Joseph. Joseph hits you with a quarterstaff!
You hit Joseph.
Joseph is heavily wounded.
You constrict Joseph. You hit Joseph.
Joseph is heavily wounded.
You constrict Joseph. Joseph closely misses you.
The worker ant zombie bites you.
* * * LOW HITPOINT WARNING * * *
You hit Joseph but do no damage.
Joseph is severely wounded.
You constrict Joseph. You hit Joseph.
Joseph is severely wounded.
You constrict Joseph. The worker ant zombie bites you.
* * * LOW HITPOINT WARNING * * *
Joseph hits you with a quarterstaff!!
You die...

.........###
#........
.######....#
##........ .#
#..#...(.........
## ##.#
###........ #.###
#.....#
#...###.#...#
###..##....#
##.....Z##
##..#.@###
#.....@.#
#.......#
#.......#
#########


You could see Joseph and a worker ant zombie.

Vanquished Creatures
  The ghost of bpy6 the Firebug, a novice DgFE (D:6)
  Prince Ribbit (D:7)
  Menkaure (D:6)
  Edmund (D:6)
  2 orc warriors
  2 ogres
  2 centaurs (D:6)
  2 giant frogs
  A scorpion (D:6)
  4 wights (D:6)
  2 howler monkeys
  2 crimson imps
  2 jellies
  2 hounds
  A centaur skeleton (D:6)
  2 orc priests
  2 orc wizards (D:3)
  An iguana (D:6)
  2 worker ants
  A hound skeleton (D:4)
  4 gnolls
  8 adders
  7 worms
  2 dart slugs
  4 giant geckos
  27 orcs
  5 giant cockroaches
  8 hobgoblins
  5 quokkas
  A ball python (D:3)
  7 bats
  2 giant gecko skeletons
  2 giant newts
  8 goblins
  14 kobolds
  13 rats
151 creatures vanquished.

Notes
Turn   | Place    | Note
--------------------------------------------------------------
     0 | D:1      | Antonin the Octopode Assassin began the quest for the Orb.
     0 | D:1      | Reached XP level 1. HP: 14/14 MP: 1/1
   242 | D:1      | Reached XP level 2. HP: 19/19 MP: 2/2
   440 | D:1      | Reached XP level 3. HP: 13/25 MP: 3/3
   888 | D:2      | Reached skill level 6 in Stealth
  1165 | D:2      | Found an iron altar of Okawaru.
  1501 | D:2      | Reached XP level 4. HP: 29/30 MP: 4/4
  1619 | D:2      | Found a stormy altar of Qazlal.
  1619 | D:2      | Found a radiant altar of Vehumet.
  1620 | D:2      | Found a deep blue altar of Sif Muna.
  2197 | D:3      | Reached XP level 5. HP: 29/36 MP: 5/5
  2583 | D:3      | Found a snail-covered altar of Cheibriados.
  2723 | D:3      | Found Gozag's Platinum Reserve.
  2723 | D:3      | Found an opulent altar of Gozag.
  2844 | D:3      | Found a shimmering altar of Xom.
  2844 | D:3      | Found a burning altar of Makhleb.
  3358 | D:3      | Reached XP level 6. HP: 42/42 MP: 6/6
  3714 | D:4      | Reached skill level 7 in Stealth
  3950 | D:4      | Found a sacrificial altar of Ru.
  4162 | D:4      | Reached XP level 7. HP: 47/47 MP: 7/7
  4182 | D:4      | You fall through a shaft for 2 floors!
  4182 | D:6      | Noticed Menkaure
  4187 | D:6      | Killed Menkaure
  4264 | D:5      | Entered Level 5 of the Dungeon
  4710 | D:5      | Found a shadowy altar of Dithmenos.
  4723 | D:5      | Became a worshipper of Dithmenos the Shadowed
  5059 | D:6      | Reached skill level 8 in Stealth
  5081 | D:5      | Reached XP level 8. HP: 26/54 MP: 8/8
  5644 | D:6      | Noticed bpy6's ghost (novice DgFE)
  5698 | D:5      | HP: 1/54 [orc warrior/flail (22)]
  5702 | D:5      | Reached skill level 5 in Fighting
  6090 | D:5      | Reached skill level 5 in Short Blades
  6197 | D:6      | Killed bpy6's ghost
  6197 | D:6      | Reached skill level 5 in Dodging
  6197 | D:6      | Reached skill level 9 in Stealth
  6505 | D:6      | Reached XP level 9. HP: 48/62 MP: 9/9
  7005 | D:6      | Reached * piety under Dithmenos
  7301 | D:6      | Reached skill level 10 in Stealth
  7372 | D:6      | Noticed Edmund
  7379 | D:6      | Killed Edmund
  7436 | D:6      | Found a sparkling altar of Nemelex Xobeh.
  7657 | D:7      | Noticed Prince Ribbit
  7687 | D:7      | Killed Prince Ribbit
  7913 | D:7      | Noticed Joseph
  7937 | D:7      | Slain by Joseph

Skill      XL: |  1  2  3  4  5  6  7  8  9 |
---------------+----------------------------+-----
Stealth        | 6 7 8 9 10 | 10.3
Dodging        | 2 3 4 5 6 |  6.4
Fighting       | 3 4 5 6 |  6.6
Short Blades   | 3 4 5 6 |  6.3
Throwing       | |  2.0

Action                   |  1- 3 |  4- 6 |  7- 9 || total
-------------------------+-------+-------+-------++-------
Melee: Dagger            |    78 |   140 |   224 ||   442
       Constrict         |    13 |    26 |    36 ||    75
       Tentacles         |     8 |    24 |    53 ||    85
 Fire: Blowgun           |     9 |    10 |       ||    19
  Use: Scroll            |       |       |     8 ||     8
       Potion            |       |       |     5 ||     5
 Stab: Sleeping          |     7 |    17 |    10 ||    34
       Distracted        |       |     2 |     1 ||     3
  Eat: Chunk             |     1 |     9 |    10 ||    20
       Fruit             |       |       |     2 ||     2
Armor: Skin              |    17 |     6 |    11 ||    34
Dodge: Dodged            |    38 |    64 |   114 ||   216
